 Dungeon Crawl Stone Soup version 0.28-a0-535-g6f645e4c1d (webtiles) character file.

Game seed: 1986926287487997716

199 tilp the Conjurer (level 5, -2/22 HPs)
             Began as a Felid Hedge Wizard on Sept 26, 2021.
             Killed from afar by an orc wizard (7 damage)
             ... with a magic dart
             ... on level 3 of the Dungeon.
             The game lasted 00:09:54 (6699 turns).

tilp the Conjurer (Felid Hedge Wizard)              Turns: 6699, Time: 00:09:55

Health: -2/22      AC:  2    Str:  6    XL:     5   Next: 48%
Magic:  5/12       EV: 18    Int: 24    God:
Gold:   141        SH:  0    Dex: 15    Spells: 5/12 levels left
                                        Lives:  0   Deaths: 1

rFire   . . .      SeeInvis +     - Unarmed
rCold   . . .      Faith    .   (shield unavailable)
rNeg    . . .      Spirit   .   (armour unavailable)
rPois   .          Reflect  .   (helmet unavailable)
rElec   .          Harm     .   (cloak unavailable)
rCorr   .          Rampage  .   (gloves unavailable)
Will    .....                   (boots unavailable)
Stlth   ++........              (no amulet)
HPRegen 0.07/turn               a - ring of flight
MPRegen 0.13/turn               d - +6 ring of intelligence

@: flying, very slightly contaminated, quick
A: very small, claws 1, fangs 3, see invisible, speed 1, shaggy fur 2, stealthy
paws, no weapons or thrown items, no armour, multi-lived
a: no special abilities


You were on level 3 of the Dungeon.
You visited 1 branch of the dungeon, and saw 4 of its levels.

You collected 141 gold pieces.

Inventory:

Jewellery
 a - a ring of flight (left paw)
 d - a +6 ring of intelligence (right paw)
 g - a ring of fire
Wands
 h - a wand of flame (24)
Scrolls
 c - a scroll of identify
 e - a scroll of teleportation
Potions
 b - 3 potions of heal wounds
 f - 3 potions of attraction
 i - a potion of curing


   Skills:
 - Level 2.0 Fighting
 - Level 4.0 Dodging
 + Level 3.0 Stealth
 - Level 2.0 Unarmed Combat
 - Level 4.0 Spellcasting
 - Level 4.0 Conjurations
 - Level 1.0 Summonings
 - Level 1.5 Translocations
 + Level 0.5 Evocations


You had 5 spell levels left.
You knew the following spells:

 Your Spells              Type           Power      Damage    Failure   Level
a - Magic Dart            Conj           96%        1d7       1%          1
b - Call Imp              Summ           9%         N/A       10%         2
c - Blink                 Tloc           N/A        N/A       8%          2
d - Slow                  Hex            4%         N/A       14%         2

Your spell library contained the following spells:

 Spells                   Type           Power      Damage    Failure   Level
 Conjure Flame            Conj/Fire      14%        6-21      13%         3
 Mephitic Cloud           Conj/Pois/Air  11%        N/A       17%         3
 Ozocubu's Armour         Ice            4%         N/A       28%         3
 Metabolic Englaciation   Hex/Ice        2%         N/A       95%         5
 Simulacrum               Ice/Necr       2%         N/A       100%        6


Dungeon Overview and Level Annotations

Branches:
Dungeon (4/15)
 Temple: D:4-7

Altars:

Shops:
D:3 (

Annotations:
D:2 Sigmund


Innate Abilities, Weirdness & Mutations

You have sharp claws.
You have razor-sharp teeth.
You have supernaturally acute eyesight. (SInv)
You cover ground quickly. (Speed+)
You are covered in thick fur. (AC +2)
Your paws help you pounce on unaware monsters.
You are incapable of wielding weapons or throwing items.
You cannot wear armour.
You gain extra lives every three experience levels.


Message History

Confirm with . or Enter, or press ? or * to list all spells.
You miscast Call Imp.
You are very lightly contaminated with residual magic.
Nothing appears to happen.
The orc wizard misses you.
Casting: Call Imp (safe; 10% risk of failure)
Confirm with . or Enter, or press ? or * to list all spells.
Aiming: Magic Dart (safe; 1% risk of failure)
Press: ? - help, Shift-Dir - straight line, f - orc wizard
Aim: an orc wizard, wielding a +0 long sword and wearing a +0 robe (lightly wounded, ally target, 100% to hit)
The magic dart hits the orc wizard.
The orc wizard is lightly wounded.
The orc wizard misses you.
Your crimson imp blinks!
Casting: Magic Dart (safe; 1% risk of failure)
Confirm with . or Enter, or press ? or * to list all spells.
Aiming: Magic Dart (safe; 1% risk of failure)
Press: ? - help, Shift-Dir - straight line, f/p - orc wizard
Aim: an orc wizard, wielding a +0 long sword and wearing a +0 robe (lightly wounded, 100% to hit)
The magic dart hits the orc wizard.
The orc wizard is moderately wounded.
The orc wizard completely misses you.
Casting: Magic Dart (safe; 1% risk of failure)
Confirm with . or Enter, or press ? or * to list all spells.
Aiming: Magic Dart (safe; 1% risk of failure)
Press: ? - help, Shift-Dir - straight line, f/p - orc wizard
Aim: an orc wizard, wielding a +0 long sword and wearing a +0 robe (moderately wounded, ally target, 100% to hit)
The magic dart hits the orc wizard.
The orc wizard is heavily wounded.
The orc wizard hits you with a +0 long sword!
* * * LOW HITPOINT WARNING * * *
Casting: Magic Dart (safe; 1% risk of failure)
Confirm with . or Enter, or press ? or * to list all spells.
Aiming: Magic Dart (safe; 1% risk of failure)
Press: ? - help, Shift-Dir - straight line, f/p - orc wizard
Aim: an orc wizard, wielding a +0 long sword and wearing a +0 robe (heavily wounded, ally target, 100% to hit)
The magic dart hits the orc wizard.
The orc wizard is severely wounded.
The orc wizard gestures at you while chanting.
The magic dart hits you!
You die...

#......# #..# #.##.########..#
#.##.#..>......################
#.##..............(...†........
#.####.######.##########.######
#.# #.# #5#### #.###### #.# #.#
#.##.## #.......
#.####.######.#...## #..#####
#............o@....#####.....#
######.######.............##.#
#.............##.....##.##
##########...###.###...#..
##.## #.# ####.## ### #.# #.##
#.# #.## #.# #.## #.# #.##


You could see an orc wizard (ally target) and a friendly crimson imp (summoned).

Vanquished Creatures
  6 orc wizards
  A hound skeleton (D:4)
  Robin (D:1)
  A howler monkey skeleton (D:4)
  4 adders
  A worm (D:2)
  3 dart slugs
  5 orcs
  4 bats
  5 endoplasms
  2 giant cockroaches
  16 goblins
  4 hobgoblins
  8 jackals
  2 quokkas (D:3)
  7 ball pythons
  3 frilled lizards
  4 kobolds
  11 rats
88 creatures vanquished.

Vanquished Creatures (collateral kills)
  An orc priest (D:4)
  Jessica (D:2)
  An adder (D:2)
  A worm (D:2)
4 creatures vanquished.

Vanquished Creatures (others)
  A plant (D:1)
1 creature vanquished.

Grand Total: 93 creatures vanquished

Notes
Turn   | Place    | Note
-------+----------+-------------------------------------------
     0 | D:1      | tilp the Felid Hedge Wizard began the quest for the Orb.
     0 | D:1      | Reached XP level 1. HP: 7/7 MP: 5/5
    30 | D:1      | Reached skill level 1 in Conjurations
   508 | D:1      | Reached XP level 2. HP: 11/11 MP: 1/7
   516 | D:1      | Learned a level 2 spell: Call Imp
   519 | D:1      | Learned a level 2 spell: Blink
   522 | D:1      | Learned a level 2 spell: Slow
  1273 | D:1      | Found a faded altar of an unknown god.
  1651 | D:2      | Reached XP level 3. HP: 14/14 MP: 1/8
  1900 | D:2      | Noticed Sigmund
  2139 | D:2      | Noticed Jessica
  2378 | D:2      | Killed Jessica
  2379 | D:2      | Reached XP level 4. HP: 4/18 MP: 4/9
  2767 | D:2      | Noticed Robin
  2869 | D:1      | Killed Robin
  4046 | D:3      | Reached XP level 5. HP: 21/21 MP: 6/11
  4706 | D:3      | Found Beov's Antique Weapon Shoppe.
  5205 | D:4      | Reached skill level 1 in Fighting
  5205 | D:4      | Reached skill level 1 in Unarmed Combat
  5439 | D:4      | Gained mutation: You are covered in thick fur. (AC +2)
                  | [Felid growth]
  5439 | D:4      | Reached XP level 6. HP: 25/25 MP: 7/13
  6557 | D:3      | Slain by an orc wizard
  6558 | D:3      | Reached XP level 5. HP: 0/22 MP: 8/12
  6699 | D:3      | Killed from afar by an orc wizard

Illustrated notes

Levels and vault maps discovered:
D:1:      amcnicky_arrival_feature_with_door, layout_loops_ring,
          shapermc_ecumenical_altar_mp_ritualfount, st_stairs_10,
          minmay_misc_feat_enclosed
D:2:      layout_rooms, uniq_jessica, uniq_sigmund, uniq_robin
D:3:      layout_loops_ring, serial_shops, nicolae_shop_window_shopping
D:4:      layout_layer_cave, minmay_a_box_with_orc_wizards_in_it

Skill      XL: |  1  2  3  4  5  6 |
---------------+-------------------+-----
Conjurations   | 1 2 3 4 |  4.0
Spellcasting   | 4 |  4.0
Dodging        | 3 4 |  4.0
Fighting       | 1 2 |  2.0
Unarmed Combat | 1 2 |  2.0
Stealth        | 3 |  3.0
Summonings     | |  1.0
Translocations | |  1.5
Evocations     | |  0.5

Action                   |  1- 3 |  4- 6 || total
-------------------------+-------+-------++-------
Melee: Unarmed           |    17 |    19 ||    36
       Bite              |     2 |       ||     2
 Cast: Magic Dart        |    81 |   184 ||   265
       Call Imp          |     4 |     7 ||    11
       Blink             |       |     1 ||     1
       Slow              |       |     6 ||     6
  Use: Scroll            |     4 |     3 ||     7
 Stab: Sleeping          |       |     2 ||     2
Armor: Skin              |     2 |     1 ||     3
Dodge: Dodged            |    25 |    45 ||    70

Table legend: (Time is in decaauts)
 A = Elapsed time spent in this place.
 B = Non-inter-level travel time spent in this place.
 C = Inter-level travel time spent in this place.
 D = Time resting spent in this place.
 E = Time spent auto-exploring this place.
 F = Levels seen in this place.
 G = Mean time per level.
                   A        B        C        D        E       F      G
               +--------+--------+--------+--------+--------+-----+--------+
         Total |   6247 |   6059 |    188 |   3187 |   2131 |   4 | 1561.8 |
       Dungeon |   6247 |   6059 |    188 |   3187 |   2131 |   4 | 1561.8 |
               +--------+--------+--------+--------+--------+-----+--------+

Top non-repeatable levels by time:
     D:1: 2073 daAuts
     D:2: 1451 daAuts
     D:3: 1448 daAuts
     D:4: 1273 daAuts
